 Dungeon Sprint DCSS version 0.22-a0-601-gb0ed703 (webtiles) character file.

1511 royokou the Severer (level 8, -13/96 HPs)
             Began as a Minotaur Berserker on July 6, 2018.
             Was a Priest of Trog.
             Shot with an arrow by a centaur warrior (24 damage)
             ... in the Dungeon (Sprint I: "Red Sonja").
             The game lasted 00:03:46 (830 turns).

royokou the Severer (Minotaur Berserker)             Turns: 830, Time: 00:03:47

Health: -13/96     AC:  3    Str: 26    XL:     8   Next: 53%
Magic:  7/7        EV: 12    Int:  6    God:    Trog [***...]
Gold:   548        SH:  0    Dex: 11    Spells: 7/7 levels left

rFire    . . .     SeeInvis .   a - +0 hand axe
rCold    . . .     Gourm    .   (no shield)
rNeg     . . .     Faith    .   k - +0 leather armour
rPois    .         Spirit   .   (helmet restricted)
rElec    .         Reflect  .   (no cloak)
rCorr    .         Harm     .   (no gloves)
MR       .....     NoTele   +   (no boots)
Stlth    ..........             (no amulet)
HPRegen  0.26/turn              (no ring)
MPRegen  0.10/turn              (no ring)

@: berserking (expiring), very quick
A: retaliatory headbutt, horns 2
a: Berserk, Trog's Hand, Renounce Religion


You were in the Dungeon.
You worshipped Trog.
Trog was most pleased with you.
You were hungry.

You visited 1 branch You collected 548 gold pieces.

Inventory:

Hand Weapons
 a - a +0 hand axe (weapon)
Armour
 b - a +0 animal skin
 k - a +0 leather armour (worn)
Wands
 j - a wand of polymorph (8)
Scrolls
 i - a scroll of blinking
 m - 2 scrolls of identify {unknown}
Potions
 d - a potion of curing
 e - a potion of heal wounds
 f - a potion of haste
 g - 2 potions of magic
 h - a potion of berserk rage
 l - a potion of cancellation {unknown}
 n - 2 potions of flight {unknown}
Comestibles
 c - 2 chunks of flesh


   Skills:
 - Level 3.6 Fighting
 + Level 20.6 Axes
 - Level 2.4 Armour
 - Level 2.1 Dodging


You had 7 spell levels left.
You didn't know any spells.
Your spell library was empty.

Dungeon Overview and Level Annotations

Branches:
Dungeon (1/1)

Altars:
Cheibriados
Dithmenos
Elyvilon
Fedhas
Gozag
Hepliaklqana
Kikubaaqudgha
Nemelex Xobeh
Okawaru
Qazlal
Ru
Sif Muna
Trog
Uskayaw
Vehumet
Wu Jian
Yredelemnul
Zin
The Shining One

Shops:
D (


Innate Abilities, Weirdness & Mutations

You reflexively headbutt those who attack you in melee.
You have a pair of horns on your head.


Message History

The centaur warrior is severely wounded.
You hit the centaur warrior.
The centaur warrior hits you with an enchanted longbow!
Your leather armour prevents you from hitting the centaur warrior.
You headbutt the centaur warrior!
The centaur warrior is severely wounded.
You hit the centaur warrior. The centaur warrior hits you!
You are too berserk!
Your unstable footing causes you to fumble your attack.
The centaur warrior hits you with an enchanted longbow.
Your unstable footing causes you to fumble your attack.
The centaur warrior hits you.
Your unstable footing causes you to fumble your attack.
The centaur warrior hits you with an enchanted longbow!
* * * LOW HITPOINT WARNING * * *
The centaur warrior hits you!
* * * LOW HITPOINT WARNING * * *
The centaur warrior wields a shortbow.
The centaur warrior shoots an arrow.
The arrow hits you!!
You die...

###############
<.#..)..#..'..#
..'..#..)..#..+
..#####'#####'# ###
..####..#...#.####§§#
..#__####..##)#§§§§§#
..#_____##'#_.+§§§c§+
⌠⌠#_.∩...'.(._#§§§c.#
###_..__##_)#+##@####
#_____###(# #.§..#
#########.####'###
+...'.....+
#...####### ##.## #+#


You could see 2 centaur warriors.

Vanquished Creatures
  Sonja (D)
  A deep troll (D)
  Sigmund (D)
  A yak (D)
  An ogre (D)
  A jelly (D)
  Ijyb (D)
7 creatures vanquished.

Vanquished Creatures (others)
  A gargoyle (D)
1 creature vanquished.

Grand Total: 8 creatures vanquished

Notes
Turn   | Place    | Note
-------+----------+-------------------------------------------
     0 | D        | royokou the Minotaur Berserker began the quest for the Orb.
     0 | D        | Reached XP level 1. HP: 19/19 MP: 0/0
     1 | D        | Noticed Ijyb
     6 | D        | Killed Ijyb
     6 | D        | Reached skill level 7 in Axes
     6 | D        | Reached XP level 2. HP: 26/26 MP: 1/1
    45 | D        | Noticed an ogre
    48 | D        | Killed an ogre
    48 | D        | Reached skill level 11 in Axes
    48 | D        | Reached XP level 3. HP: 31/31 MP: 2/2
    48 | D        | Reached XP level 4. HP: 39/39 MP: 3/3
    78 | D        | Noticed Sigmund
    98 | D        | Killed Sigmund
    98 | D        | Reached ** piety under Trog
    98 | D        | Reached skill level 14 in Axes
    98 | D        | Reached XP level 5. HP: 45/45 MP: 4/4
   184 | D        | Found a deep blue altar of Sif Muna.
   185 | D        | Found an ornate altar of the Wu Jian Council.
   186 | D        | Found a radiant altar of Vehumet.
   190 | D        | Reached XP level 6. HP: 44/51 MP: 5/5
   225 | D        | Found Samom's Weapon Emporium.
   225 | D        | Found an ancient bone altar of Kikubaaqudgha.
   225 | D        | Found a hazy altar of Hepliaklqana.
   225 | D        | Found a stormy altar of Qazlal.
   225 | D        | Found a hide-covered altar of Uskayaw.
   225 | D        | Found a blossoming altar of Fedhas.
   225 | D        | Found a bloodstained altar of Trog.
   225 | D        | Found an iron altar of Okawaru.
   225 | D        | Found a basalt altar of Yredelemnul.
   225 | D        | Found a glowing golden altar of the Shining One.
   225 | D        | Found a snail-covered altar of Cheibriados.
   225 | D        | Found a sacrificial altar of Ru.
   225 | D        | Found a glowing silver altar of Zin.
   225 | D        | Found a shadowy altar of Dithmenos.
   225 | D        | Found a white marble altar of Elyvilon.
   225 | D        | Noticed a yak
   233 | D        | Killed a yak
   233 | D        | Reached skill level 16 in Axes
   234 | D        | Found an opulent altar of Gozag.
   235 | D        | Found a sparkling altar of Nemelex Xobeh.
   368 | D        | Killed a gargoyle
   391 | D        | Noticed Sonja
   401 | D        | Killed Sonja
   401 | D        | Reached *** piety under Trog
   401 | D        | Reached skill level 19 in Axes
   401 | D        | Reached XP level 7. HP: 30/57 MP: 6/6
   401 | D        | Reached XP level 8. HP: 34/64 MP: 7/7
   649 | D        | Noticed a deep troll
   656 | D        | Killed a deep troll
   656 | D        | Reached skill level 20 in Axes
   810 | D        | Noticed a centaur warrior
   816 | D        | Noticed a centaur warrior
   830 | D        | Shot with an arrow by a centaur warrior

Vault maps used:
D:        dungeon_sprint_1

Skill      XL: |  1  2  3  4  5  6  7  8 |
---------------+-------------------------+-----
Axes           | 7 11 14 19 20 | 20.6
Fighting       | |  3.6
Armour         | |  2.4
Dodging        | |  2.1

Action                   |  1- 3 |  4- 6 |  7- 9 || total
-------------------------+-------+-------+-------++-------
Melee: Hand axe          |     4 |    19 |    17 ||    40
       Unarmed           |     1 |       |       ||     1
       Headbutt          |     1 |     4 |     2 ||     7
Invok: Berserk           |     2 |     3 |     2 ||     7
  Eat: Ration            |       |     1 |       ||     1
       Chunk             |       |       |     2 ||     2
Armor: Leather armour    |       |     1 |     1 ||     2
Dodge: Dodged            |     2 |    14 |     5 ||    21

Table legend:
 A = Spawn XP
 B = Non-spawn XP
 C = Spawn XP percentage of total XP
 D = Spawn monster count
 E = Non-spawn monster count
 F = Spawn count percentage of total count
 G = Total turns spent on level
                    A         B        C        D         E        F      G
               +---------+---------+-------+---------+---------+-------+---------
         Total |       0 |    2159 |   0.0 |       0 |       7 |   0.0 |   830
               +---------+---------+-------+---------+---------+-------+---------
             D |       0 |    2159 |   0.0 |       0 |       7 |   0.0 |   830
               +---------+---------+-------+---------+---------+-------+---------
